 Dungeon Crawl Stone Soup version 0.19.1 (webtiles) character file.

103501 Rrauwl the Severer (level 15, -3/137 HPs)
             Began as a Minotaur Berserker on Nov 25, 2016.
             Was the Champion of Trog.
             Slain by an orc warrior
             ... wielding a +0 long sword
              (6 damage)
             ... on level 2 of the Orcish Mines.
             The game lasted 02:50:52 (22857 turns).

Rrauwl the Severer (Minotaur Berserker)            Turns: 22857, Time: 02:50:53

Health: -3/137     AC: 16    Str: 26    XL:     15   Next: 89%
Magic:  14/14      EV: 16    Int:  9    God:    Trog [******]
Gold:   1965       SH: 16    Dex: 10    Spells: 0 memorised, 14 levels left

rFire  + . .     SeeInvis .     G - +5 broad axe (elec)
rCold  . . .     Gourm    .     I - +5 leather armour of Lyupyath {rF+ MR+ Str+3}
rNeg   . . .     Faith    .     y - +2 shield
rPois  .         Spirit   .     (helmet unavailable)
rElec  .         Reflect  .     (no cloak)
rCorr  .         Harm     .     i - +0 pair of gloves
MR     ++++.                    g - +0 pair of boots
Stlth  +.........               (no amulet)
                                B - ring of protection from magic
                                M - +3 ring of protection

@: about to teleport
A: retaliatory headbutt, horns 3, magic resistance 1
a: Berserk, Trog's Hand, Brothers in Arms, Burn Spellbooks, Renounce Religion


You were on level 2 of the Orcish Mines.
You worshipped Trog.
Trog was exalted by your worship.
You were not hungry.

You visited 4 branches of the dungeon, and saw 25 of its levels.

You collected 2086 gold pieces.
You spent 121 gold pieces at shops.

Inventory:

Hand Weapons
 k - a +1 hand axe of flaming
 s - a +3 war axe of venom
 G - a +5 broad axe of electrocution (weapon)
Missiles
 f - 2 throwing nets (quivered)
Armour
 g - a +0 pair of boots (worn)
 i - a +0 pair of gloves (worn)
 y - a +2 shield (worn)
 I - the +5 leather armour of Lyupyath (worn) {rF+ MR+ Str+3}
   (You found it on level 6 of the Lair of Beasts)

   It affects your strength (+3).
   It protects you from fire.
   It affects your resistance to hostile enchantments.
Jewellery
 d - an uncursed ring of flight
 q - an uncursed ring of ice
 t - an uncursed ring of see invisible
 B - a ring of protection from magic (right hand)
 H - an uncursed ring of fire
 M - a +3 ring of protection (left hand)
Wands
 l - a wand of confusion (22/48)
 r - a wand of paralysis (16/24)
 D - a wand of iceblast (9/15)
 E - a wand of polymorph (8/24)
 P - a wand of flame (32/48)
Scrolls
 e - 10 scrolls of teleportation
 j - 9 scrolls of identify
 n - 10 scrolls of remove curse
 u - 3 scrolls of recharging
Potions
 b - 3 potions of might
 h - 2 potions of invisibility
 v - a potion of flight
 K - 2 potions of haste
Miscellaneous
 o - a phantom mirror
 z - a phial of floods
Comestibles
 a - 11 chunks of flesh
 c - 17 bread rations
 m - 21 fruits


   Skills:
 + Level 13.9 Fighting
 + Level 19.6 Axes
 + Level 14.4 Armour
 - Level 11.0 Dodging
 + Level 14.3 Shields


You had 14 spell levels left.
You didn't know any spells.

Dungeon Overview and Level Annotations

Branches:
Dungeon (15/15)            Temple (0/1) D:4            Lair (6/6) D:10
 Shoals (2/4) Lair:4        Snake (0/4) Lair:4        Slime (0/5) Lair:5
    Orc (2/2) D:11            Elf (0/3) Orc:2        Vaults (0/5) D:13
 Depths (0/5) D:15

Altars:
Cheibriados
Dithmenos
Elyvilon
Fedhas
Gozag
Kikubaaqudgha
Okawaru
Qazlal
Trog
Uskayaw
Xom
Yredelemnul
Zin
The Shining One
Beogh
Jiyva

Shops:
D:4 *   D:13 [   Orc:2 }


Innate Abilities, Weirdness & Mutations

You reflexively headbutt those who attack you in melee.
You have a pair of large horns on your head.
You are resistant to hostile enchantments. (MR+)


Message History

You kill the orc wizard!
Trog accepts your kill.
Trog appreciates your killing of a magic user.
The orc warrior throws a tomahawk.
The tomahawk barely misses you. You block the orc warrior's attack.
You closely miss the orc warrior. You block the orc warrior's attack. x2
The orc warrior hits you from afar with a halberd!!
* * * LOW HITPOINT WARNING * * *
You feel better.
The orc warrior no longer looks unusually strong.
You block the orc warrior's attack. x2
The orc warrior hits you from afar with a halberd!!
* * * LOW HITPOINT WARNING * * *
Okay, then.
As you read the scroll of teleportation, it crumbles to dust.
You feel strangely unstable.
The orc warrior hits you but does no damage.
You block the orc warrior's attack.
The orc warrior hits you with a long sword.
You die...

# #...................... ##
##.#................... .##
####.................. ..#
###..>................ ..#
##..................... .##
##(..................... ..#
##....................... .###
####........................
.#.###..........@.o..............
.......##########ooO.............
.#...### ##o§............. .#..##
#oo............. ##..#
####§§............ .#.##
#'##8.#§§............ ##.#
o.ooooo§8§........... ##.#
o.o..oooOo........... #.#
..o.oo'§8............


You could see 6 orc warriors and an ogre.

Vanquished Creatures
  Saint Roka (Orc:2)
  A dire elephant (D:15)
  A fire dragon (D:12)
  A merfolk javelineer (Shoals:2)
  Josephine (D:15)
  5 hydras
  A merfolk avatar (Lair:6)
  A death knight (D:11)
  4 centaur warriors
  3 tengu warriors
  4 death yaks
  A merfolk aquamancer (Shoals:1)
  Nergalle (Lair:4)
  4 skeletal warriors (D:12)
  An unseen horror (D:12)
  6 sea snakes
  3 wizards
  5 hill giants
  A harpy (Lair:6)
  2 necromancers (D:13)
  A wolf spider (D:15)
  5 deep elf magi
  2 ugly things
  4 orc sorcerers
  7 cyclopes
  7 manticores
  3 fauns (Shoals:2)
  13 elephants
  6 black mambas
  3 sirens
  A guardian serpent (Lair:4)
  11 spiny frogs
  A water nymph (Shoals:1)
  3 centaur skeletons
  2 gargoyles
  11 rime drakes
  12 komodo dragons
  4 merfolk
  6 trolls
  3 polar bears
  5 two-headed ogres
  A polar bear (shapeshifter) (D:13)
  A harpy zombie (D:14)
  2 wind drakes (Lair:6)
  3 hornets
  A snapping turtle (Shoals:1)
  12 blink frogs
  13 hippogriffs
  2 slime creatures (D:15)
  6 dream sheep (Lair:4)
  68 yaks
  5 wyverns
  3 water elementals (Shoals:1)
  8 wraiths
  A vampire (D:11)
  5 basilisks
  A fire elemental (D:11)
  A hungry ghost (D:15)
  3 fire bats (Lair:4)
  2 steam dragons
  3 wargs
  A mottled dragon (D:15)
  17 water moccasins
  A soldier ant (D:14)
  9 porcupines
  30 orc warriors
  2 ice beasts
  A hornet zombie (D:13)
  2 black bears
  2 phantoms
  5 sky beasts
  9 ogres
  A necrophage (D:10)
  5 wolves (Lair:2)
  18 centaurs
  19 crocodiles
  4 big kobolds
  The ghost of Vyrion the Chiller, an amateur VSIE (D:3)
  24 bullfrogs
  A water moccasin zombie (D:6)
  A gnoll sergeant (D:12)
  A wyvern skeleton (D:10)
  3 scorpions
  11 killer bees
  6 wights
  3 electric eels
  9 howler monkeys
  A bullfrog zombie (D:9)
  6 crimson imps
  5 centaur zombies
  6 hounds
  3 quasits
  2 bullfrog skeletons
  18 orc priests
  5 jellies
  16 orc wizards
  5 iguanas
  8 worker ants
  A killer bee zombie (D:10)
  2 hound zombies (D:5)
  7 gnolls
  13 adders
  A howler monkey skeleton (D:5)
  6 shadow imps
  5 oozes (D:8)
  2 adder zombies (D:5)
  2 adder skeletons
  4 worms
  3 dart slugs
  5 leopard geckos
  80 orcs
  7 giant cockroaches
  8 goblins
  10 hobgoblins
  14 jackals
  4 quokkas
  A ball python skeleton (D:4)
  9 bats
  6 frilled lizards
  A giant cockroach zombie (D:5)
  A jackal skeleton (D:8)
  A jackal zombie (D:8)
  21 kobolds
  10 rats
  10 fungi
  23 plants
816 creatures vanquished.

Vanquished Creatures (collateral kills)
  A blink frog (Lair:6)
  A yak (Lair:6)
  A basilisk (Lair:6)
  An orc warrior (D:8)
  An ogre (D:8)
  3 orc priests
  5 orcs
13 creatures vanquished.

Vanquished Creatures (others)
  A hound (D:6)
  11 fungi
  10 plants
22 creatures vanquished.

Grand Total: 851 creatures vanquished

Notes
Turn   | Place    | Note
-------+----------+-------------------------------------------
     0 | D:1      | Rrauwl the Minotaur Berserker began the quest for the Orb.
     0 | D:1      | Reached XP level 1. HP: 19/19 MP: 0/0
     0 | D:1      | Found a basalt altar of Yredelemnul.
    80 | D:1      | Reached skill level 4 in Axes
   210 | D:1      | Reached XP level 2. HP: 17/26 MP: 1/1
   714 | D:2      | Reached skill level 5 in Axes
   714 | D:2      | Reached XP level 3. HP: 31/31 MP: 2/2
   889 | D:2      | Reached ** piety under Trog
  1390 | D:3      | Reached XP level 4. HP: 36/39 MP: 3/3
  1403 | D:3      | Reached skill level 6 in Axes
  1554 | D:3      | Noticed Vyrion's ghost (amateur VSIE)
  1560 | D:3      | Killed Vyrion's ghost
  1560 | D:3      | Reached XP level 5. HP: 42/45 MP: 4/4
  1629 | D:3      | Reached skill level 7 in Axes
  1929 | D:4      | Found a snail-covered altar of Cheibriados.
  1936 | D:4      | Found an opulent altar of Gozag.
  1945 | D:4      | Reached *** piety under Trog
  1966 | D:4      | Found a staircase to the Ecumenical Temple.
  1979 | D:4      | Gained mutation: Your body sometimes deteriorates upon taking damage. [potion of mutation]
  1979 | D:4      | Gained mutation: Your system is resistant to poisons. (rPois) [potion of mutation]
  1979 | D:4      | Gained mutation: You are robust. (+10% HP) [potion of mutation]
  1981 | D:4      | Lost mutation: Your system is resistant to poisons. (rPois) [potion of cure mutation]
  1981 | D:4      | Lost mutation: Your body sometimes deteriorates upon taking damage. [potion of cure mutation]
  1981 | D:4      | Lost mutation: You are robust. (+10% HP) [potion of cure mutation]
  2005 | D:4      | Found a glowing golden altar of the Shining One.
  2009 | D:4      | Found a blossoming altar of Fedhas.
  2021 | D:4      | Found a stormy altar of Qazlal.
  2025 | D:4      | Reached skill level 8 in Axes
  2033 | D:4      | Found an iron altar of Okawaru.
  2105 | D:4      | Found Bokaakau's Assorted Antiques.
  2138 | D:4      | Bought 2 yellow potions for 46 gold pieces
  2138 | D:4      | Bought a scroll labeled RANARO XAKEPYO for 26 gold pieces
  2138 | D:4      | Bought a scroll labeled ACESHONLASO for 26 gold pieces
  2138 | D:4      | Bought a purple potion for 23 gold pieces
  2190 | D:4      | Reached XP level 6. HP: 25/51 MP: 5/5
  2525 | D:4      | Found an ancient bone altar of Kikubaaqudgha.
  2748 | D:5      | Entered Level 5 of the Dungeon
  2825 | D:5      | Reached skill level 9 in Axes
  2919 | D:5      | Reached XP level 7. HP: 52/57 MP: 6/6
  3033 | D:5      | Reached skill level 10 in Axes
  3588 | D:6      | Reached skill level 11 in Axes
  3717 | D:6      | Found a white marble altar of Elyvilon.
  3762 | D:6      | Reached XP level 8. HP: 53/64 MP: 7/7
  3865 | D:6      | Noticed a troll
  3882 | D:6      | Killed a troll
  3882 | D:6      | Reached **** piety under Trog
  3882 | D:6      | Reached skill level 12 in Axes
  4102 | D:6      | Reached skill level 13 in Axes
  4173 | D:6      | Found a glowing silver altar of Zin.
  4173 | D:6      | Found a shimmering altar of Xom.
  4173 | D:6      | Noticed an angel
  4528 | D:7      | Noticed a dagger
  4528 | D:7      | Noticed a hand axe
  4530 | D:7      | Found a hide-covered altar of Uskayaw.
  4552 | D:7      | Reached XP level 9. HP: 70/70 MP: 8/8
  4599 | D:7      | Reached skill level 14 in Axes
  4616 | D:7      | Noticed a manticore
  4627 | D:7      | HP: 3/70 [manticore (13)]
  4630 | D:7      | Killed a manticore
  4897 | D:7      | Reached skill level 15 in Axes
  5038 | D:7      | Reached skill level 1 in Shields
  5496 | D:8      | Reached XP level 10. HP: 71/77 MP: 9/9
  5863 | D:8      | Noticed a moth of wrath
  5890 | D:8      | Found a bloodstained altar of Trog.
  5900 | D:8      | Reached ***** piety under Trog
  6217 | D:8      | Reached skill level 5 in Armour
  6440 | D:9      | Reached skill level 5 in Dodging
  6538 | D:9      | Noticed a cyan ugly thing
  6540 | D:9      | Noticed a gargoyle
  6579 | D:9      | Killed a cyan ugly thing
  6579 | D:9      | Reached skill level 5 in Shields
  6599 | D:9      | Killed a gargoyle
  6775 | D:9      | Gained mutation: You are resistant to hostile enchantments. (MR+) [mutagenic meat]
  6776 | D:9      | Gained mutation: You have a pair of large horns on your head. [mutagenic meat]
  7156 | D:10     | Entered Level 10 of the Dungeon
  7212 | D:10     | Reached skill level 16 in Axes
  7212 | D:10     | Reached XP level 11. HP: 77/84 MP: 10/10
  7232 | D:10     | Found a staircase to the Lair.
  7331 | D:10     | Paralysed by a hornet for 2 turns
  7573 | D:10     | Identified a scroll of acquirement
  7604 | D:10     | Identified the Handbook of Congealing Poison
  7645 | D:10     | Reached skill level 5 in Fighting
  7768 | D:10     | Noticed a death yak
  7782 | D:10     | Killed a death yak
  8159 | Lair:1   | Entered Level 1 of the Lair of Beasts
  9147 | Lair:2   | Received a gift from Trog
  9147 | Lair:2   | Reached XP level 12. HP: 93/97 MP: 11/11
 11037 | Lair:4   | Found a staircase to the Shoals.
 11053 | Lair:4   | Reached skill level 17 in Axes
 11214 | Lair:4   | Received a gift from Trog
 11299 | Lair:4   | Noticed Nergalle
 11306 | Lair:4   | Killed Nergalle
 11306 | Lair:4   | Reached skill level 10 in Armour
 11308 | Lair:4   | Reached skill level 10 in Shields
 11312 | Lair:4   | Found a staircase to the Snake Pit.
 11321 | Lair:4   | Noticed a death yak
 11322 | Lair:4   | Noticed a death yak
 11325 | Lair:4   | Killed a death yak
 11327 | Lair:4   | Noticed a death yak
 11329 | Lair:4   | Killed a death yak
 11338 | Lair:4   | Killed a death yak
 11404 | Lair:4   | Reached XP level 13. HP: 109/111 MP: 12/12
 12252 | Lair:5   | Got a jewelled flail
 12571 | Lair:5   | Found a staircase to the Slime Pits.
 12579 | Lair:5   | Found a viscous altar of Jiyva.
 12890 | Lair:6   | Entered Level 6 of the Lair of Beasts
 12926 | Lair:6   | Reached skill level 10 in Dodging
 12940 | Lair:6   | Reached skill level 10 in Fighting
 13038 | Lair:6   | Identified the cursed +1 flail of Fuceu {vamp, rElec} (You found it on level 5 of the Lair of Beasts)
 13285 | Lair:6   | Received a gift from Trog
 14007 | Lair:6   | Reached skill level 18 in Axes
 14052 | Lair:6   | Reached XP level 14. HP: 83/122 MP: 13/13
 14516 | Lair:6   | Got a brightly glowing leather armour
 14527 | Lair:6   | Got a bone halberd
 14719 | Lair:2   | Identified the +9 halberd of Currency {antimagic, Str+2} (You found it on level 6 of the Lair of Beasts)
 14722 | Lair:2   | Identified the +5 leather armour of Lyupyath {rF+ MR+ Str+3} (You found it on level 6 of the Lair of Beasts)
 15036 | D:11     | Found a roughly hewn altar of Beogh.
 15036 | D:11     | Found a staircase to the Orcish Mines.
 15076 | D:11     | Received a gift from Trog
 15259 | D:11     | Found a shadowy altar of Dithmenos.
 16947 | D:13     | Found Fudaucs's Antique Armour Boutique.
 17344 | D:13     | Received a gift from Trog
 17517 | D:13     | Found a gate to the Vaults.
 18371 | D:14     | Reached XP level 15. HP: 134/134 MP: 14/14
 18648 | D:14     | Found a roughly hewn altar of Beogh.
 18931 | D:15     | Entered Level 15 of the Dungeon
 19006 | D:15     | Reached ****** piety under Trog
 19117 | D:15     | Reached skill level 19 in Axes
 19368 | D:15     | Noticed Josephine
 19386 | D:15     | Killed Josephine
 19546 | D:15     | HP: 3/136 [white ugly thing (33)]
 19963 | D:15     | Received a gift from Trog
 19977 | D:15     | Found a staircase to the Depths.
 20091 | D:15     | Found a glowing golden altar of the Shining One.
 20654 | Shoals:1 | Entered Level 1 of the Shoals
 21987 | Orc:1    | Entered Level 1 of the Orcish Mines
 22033 | Orc:1    | Found a roughly hewn altar of Beogh.
 22382 | Orc:2    | Entered Level 2 of the Orcish Mines
 22455 | Orc:2    | Found a roughly hewn altar of Beogh.
 22570 | Orc:2    | Found a roughly hewn altar of Beogh.
 22570 | Orc:2    | Found Tikuk's Gadget Shop.
 22572 | Orc:2    | Received a gift from Trog
 22702 | Orc:2    | Found a staircase to the Elven Halls.
 22810 | Orc:2    | Noticed Saint Roka
 22845 | Orc:2    | Killed Saint Roka
 22856 | Orc:2    | HP: 3/137 [orc warrior/halberd (19)]
 22857 | Orc:2    | Slain by an orc warrior

Skill      XL: |  1  2  3  4  5  6  7  8  9 10 11 12 13 14 15 |
---------------+----------------------------------------------+-----
Axes           | 4 5 6 8 9 11 13 15 16 17 18 19 | 19.6
Shields        | 3 6 8 10 11 13 14 | 14.3
Armour         | 4 6 8 10 11 13 14 | 14.4
Dodging        | 4 6 8 9 10 11 | 11.0
Fighting       | 4 6 9 10 12 13 | 13.9

Action                   |  1- 3 |  4- 6 |  7- 9 | 10-12 | 13-15 || total
-------------------------+-------+-------+-------+-------+-------++-------
Melee: Hand axe          |   101 |   121 |   334 |   256 |    52 ||   864
       Headbutt          |    14 |    24 |    60 |   153 |   231 ||   482
       War axe           |       |       |       |   116 |       ||   116
       Broad axe         |       |       |       |   353 |  1086 ||  1439
Invok: Brothers in Arms  |       |       |       |     1 |     1 ||     2
Evoke: Wand              |       |       |       |       |     1 ||     1
  Use: Scroll            |     2 |    11 |     1 |    12 |    19 ||    45
       Potion            |       |    11 |     5 |     3 |     4 ||    23
 Stab: Invisible         |       |     1 |       |       |       ||     1
       Sleeping          |       |       |     1 |       |       ||     1
  Eat: Chunk             |     2 |     4 |     8 |    17 |    24 ||    55
       Fruit             |       |     1 |     1 |     2 |     2 ||     6
       Beef jerky        |       |       |       |     2 |     4 ||     6
       Pizza             |       |       |       |     1 |     2 ||     3
       Bread ration      |       |       |       |       |     1 ||     1
Armor: Animal skin       |    16 |     5 |       |       |       ||    21
       Chain mail        |       |    20 |    41 |       |       ||    61
       Troll leather arm |       |       |    29 |    79 |    53 ||   161
       Leather armour    |       |       |       |       |    91 ||    91
Dodge: Dodged            |    65 |    48 |    64 |   156 |   348 ||   681
Block: Shield            |       |    22 |   127 |   257 |   640 ||  1046
